 Dungeon Crawl Stone Soup version 0.18.0-2-g198d6d4 (webtiles) character file.

276 Chiseanne the Magician (level 6, 41/41 HPs)
             Began as a Demonspawn Wizard on May 5, 2016.
             Quit the game on level 4 of the Dungeon.
             The game lasted 00:07:05 (4742 turns).

Chiseanne the Magician (Demonspawn Wizard)          Turns: 4742, Time: 00:07:06

Health: 41/41      AC:  3    Str:  8    XL:     6   Next: 4%
Magic:  0/13       EV: 12    Int: 21    God:
Gold:   133        SH:  0    Dex: 11    Spells: 5 memorised, 4 levels left

rFire  . . .     SeeInvis .     a - +1 dagger (flame)
rCold  . . .     Gourm    .     z - +0 robe
rNeg   + . .     Faith    .     (no shield)
rPois  .         Spirit   .     v - +0 helmet
rElec  .         Dismiss  .     (no cloak)
rCorr  .         Reflect  .     (no gloves)
SustAt .         Harm     .     (no boots)
MR     .....                    (no amulet)
Stlth  ++........               (no ring)
                                u - ring of positive energy

@: repel missiles, not resistant to hostile enchantments, unstealthy
A: talons 1, powered by death 1, rot immunity
a: no special abilities


You were on level 4 of the Dungeon.
You were not hungry.

You visited 1 branch of the dungeon, and saw 4 of its levels.

You collected 133 gold pieces.

Inventory:

Hand Weapons
 a - a +1 dagger of flaming (weapon)
Missiles
 e - 230 stones (quivered)
 h - 8 needles of sleeping
 r - 86 arrows
 x - 23 bolts
 y - 18 sling bullets
 B - 4 tomahawks
Armour
 v - a +0 helmet (worn)
 z - a +0 robe (worn)
Jewellery
 g - an uncursed ring of flight {unknown}
 q - an uncursed ring of protection from fire {unknown}
 u - a ring of positive energy (left hand)
Scrolls
 i - 3 scrolls of teleportation
 k - a scroll of amnesia
 C - a scroll of identify
Potions
 f - 2 potions of brilliance {unknown}
 j - a potion of degeneration {unknown}
 l - a potion of ambrosia {unknown}
 m - 2 potions of heal wounds {unknown}
 n - a potion of mutation {unknown}
 o - a potion of agility {unknown}
 p - a potion of invisibility {unknown}
 s - a potion of berserk rage {unknown}
 t - 4 potions of flight
 w - a potion of lignification {unknown}
Books
 c - a book of Minor Magic

   Spells                             Type                      Level
   a - Magic Dart                     Conjuration                  1
   b - Blink                          Translocation                2
   c - Call Imp                       Summoning                    2
   d - Repel Missiles                 Charms/Air                   2
   e - Slow                           Hexes                        2
   f - Conjure Flame                  Conjuration/Fire             3
   g - Mephitic Cloud                 Conjuration/Poison/Air       3
Comestibles
 b - a chunk of flesh
 d - 4 bread rations
 A - a royal jelly


   Skills:
 - Level 1.7 Dodging
 - Level 1.7 Stealth
 * Level 5.1 Spellcasting
 * Level 4.0 Conjurations
   Level 1.0 Summonings
 - Level 0.8 Translocations


You had 4 spell levels left.
You knew the following spells:

 Your Spells              Type           Power        Failure   Level  Hunger
a - Magic Dart            Conj           ###.         1%          1    None
b - Blink                 Tloc           N/A          12%         2    None
c - Repel Missiles        Chrm/Air       #.....       17%         2    None
d - Mephitic Cloud        Conj/Pois/Air  ##......     21%         3    ##.....
e - Conjure Flame         Conj/Fire      ##......     17%         3    ##.....


Dungeon Overview and Level Annotations

Branches:
Dungeon (4/15)
 Temple: D:4-7

Altars:
Trog


Innate Abilities, Weirdness & Mutations

You have sharp toenails.
You regenerate a little health from kills.
You are immune to rotting.


Message History

Press: ? - help, Shift-Dir - straight line, f/p - hound
Aim: a hound (heavily wounded)
The magic dart hits the hound.
The hound is severely wounded.
You feel less regenerative.
The hound stops to sniff the ground.
Casting: Magic Dart
Confirm with . or Enter, or press ? or * to list all spells.
Aiming: Magic Dart
Press: ? - help, Shift-Dir - straight line, f/p - hound
Aim: a hound (severely wounded)
The magic dart hits the hound.
You kill the hound!
Your Conjurations skill increases to level 4!
You have reached level 6!
Your experience leads to an increase in your attributes!
Increase (S)trength, (I)ntelligence, or (D)exterity?
You feel clever.
Your demonic ancestry asserts itself...
Your toenails lengthen and sharpen.
Are you sure you want to abandon this character and quit the game? (Confirm with "yes".)

......## ...# .......# ...#
...###### ...## ..#####.##
#....## ....##...# ##......## .
#)......#### ##........g###...
##.....###.##
##.........g<..... #..#..# #..#
##........)........ ##....#
#..# #.@..)......g)...#.
#....###..###............g#..>.
#.....##..#†..............##...
#.........)..#.####.......# #..
#........)####..# #.!.....# #.
.....#####..# ##..##........ #
....# #..# #.# ...# #... #.†# .
.## ##.. .... ..


There were no monsters in sight!

Vanquished Creatures
  A scorpion (D:4)
  A hound (D:4)
  Natasha (twice) (D:4)
  A hound skeleton (D:3)
  Robin (D:3)
  4 adders
  2 dart slugs
  3 giant geckos
  7 orcs
  12 bats
  3 giant cockroaches
  11 goblins
  11 hobgoblins
  3 jackals (D:2)
  A ball python (D:2)
  5 giant newts
  4 kobolds
  7 rats
79 creatures vanquished.

Notes
Turn   | Place    | Note
--------------------------------------------------------------
     0 | D:1      | Chiseanne the Demonspawn Wizard began the quest for the Orb.
     0 | D:1      | Reached XP level 1. HP: 13/13 MP: 4/4
   620 | D:1      | Gained mutation: You regenerate a little health from kills. [demonic ancestry]
   620 | D:1      | Reached XP level 2. HP: 19/19 MP: 0/6
  1607 | D:1      | Learned a level 2 spell: Blink
  1610 | D:1      | Learned a level 2 spell: Repel Missiles
  1719 | D:2      | Gained mutation: You are immune to rotting. [demonic ancestry]
  1719 | D:2      | Reached XP level 3. HP: 15/24 MP: 1/8
  2896 | D:2      | Reached skill level 4 in Spellcasting
  2896 | D:2      | Reached XP level 4. HP: 30/30 MP: 3/10
  3526 | D:3      | Found a faded altar to an unknown god.
  3546 | D:3      | Found a bloodstained altar of Trog.
  3899 | D:3      | Learned a level 3 spell: Mephitic Cloud
  3903 | D:3      | Learned a level 3 spell: Conjure Flame
  4185 | D:4      | Noticed Robin
  4187 | D:4      | Noticed Natasha
  4215 | D:3      | Killed Robin
  4215 | D:3      | Reached XP level 5. HP: 34/35 MP: 1/11
  4518 | D:4      | Killed Natasha
  4528 | D:4      | Noticed Natasha
  4532 | D:4      | Killed Natasha
  4721 | D:4      | Reached skill level 5 in Spellcasting
  4741 | D:4      | Gained mutation: You have sharp toenails. [demonic ancestry]
  4741 | D:4      | Reached XP level 6. HP: 41/41 MP: 0/13
  4742 | D:4      | Quit the game

Skill      XL: |  1  2  3  4  5 |
---------------+----------------+-----
Conjurations   | 2 3 4 |  4.0
Spellcasting   | 4 5 |  5.1
Dodging        | |  1.7
Stealth        | |  1.7
Summonings     | |  1.0
Translocations | |  0.8

Action                   |  1- 3 |  4- 6 || total
-------------------------+-------+-------++-------
Melee: Spear             |    12 |       ||    12
       Dagger            |    23 |    22 ||    45
 Cast: Magic Dart        |    98 |    88 ||   186
       Repel Missiles    |     1 |     2 ||     3
       Blink             |       |     2 ||     2
       Mephitic Cloud    |       |     1 ||     1
  Use: Scroll            |       |    12 ||    12
       Potion            |       |     1 ||     1
  Eat: Chunk             |     6 |     6 ||    12
Armor: Robe              |    10 |     5 ||    15
Dodge: Dodged            |    33 |    27 ||    60
       Deflected         |       |     2 ||     2
